 Dungeon Crawl Stone Soup version 0.22-a0-612-gd2f0174 (webtiles) character file.

61 Mamutox the Cudgeler (level 3, -2/36 HPs)
             Began as a Troll Monk on July 11, 2018.
             Slain by Sigmund
             ... wielding a +0 scythe
              (13 damage)
             ... on level 2 of the Dungeon.
             The game lasted 00:02:50 (911 turns).

Mamutox the Cudgeler (Troll Monk)                    Turns: 911, Time: 00:02:51

Health: -2/36      AC:  5    Str: 19    XL:     3   Next: 83%
Magic:  2/2        EV: 10    Int:  6    God:
Gold:   73         SH:  0    Dex: 13    Spells: 2/2 levels left

rFire    . . .     SeeInvis .   a - +0 mace
rCold    . . .     Gourm    +   (no shield)
rNeg     . . .     Faith    .   b - +0 robe
rPois    .         Spirit   .   (helmet restricted)
rElec    .         Reflect  .   (no cloak)
rCorr    .         Harm     .   (gloves unavailable)
MR       .....                  (boots unavailable)
Stlth    +.........             (no amulet)
HPRegen  0.52/turn              (no ring)
MPRegen  0.08/turn              (no ring)

@: confused
A: large, unfitting armour, claws 3, fast metabolism 3, gourmand, regeneration
1, shaggy fur 1, tough skin 2
a: no special abilities


You were on level 2 of the Dungeon.
You were completely stuffed.

You visited 1 branch of the dungeon, and saw 2 of its levels.

You collected 73 gold pieces.

Inventory:

Hand Weapons
 a - a +0 mace (weapon)
Armour
 b - a +0 robe (worn)
Scrolls
 e - 2 scrolls of remove curse {unknown}
 f - a scroll of fog {unknown}
 h - a scroll of noise {unknown}
 i - a scroll of blinking {unknown}
 j - a scroll of enchant weapon {unknown}
 l - 2 scrolls of teleportation {unknown}
 m - a scroll of identify {unknown}
Potions
 g - a potion of cancellation {unknown}
 k - a potion of agility {unknown}
Comestibles
 c - 3 rations
 d - a chunk of flesh


   Skills:
 - Level 2.4 Fighting
 + Level 4.4 Maces & Flails
 - Level 2.4 Dodging
 - Level 1.0 Stealth


You had 2 spell levels left.
You didn't know any spells.
Your spell library was empty.

Dungeon Overview and Level Annotations

Branches:
Dungeon (2/15)

Altars:
Gozag

Annotations:
D:2 Sigmund


Innate Abilities, Weirdness & Mutations

You are too large for most types of armour.
You have claws for hands.
Your metabolism is lightning-fast.
You like to eat raw meat.
Your natural rate of healing is unusually fast.
You are covered in fur. (AC +1)
You have very tough skin. (AC +2)


Message History

You bump into the rock wall.
The ball python bites you but does no damage.
Sigmund barely misses you.
You're too confused to move!
The ball python bites you but does no damage.
You closely miss Sigmund.
Sigmund is lightly wounded.
You feel less confused.
The ball python bites you but does no damage.
Sigmund closely misses you.
The ball python bites you but does no damage.
You hit Sigmund.
Sigmund is moderately wounded.
The ball python barely misses you.
Sigmund points at you and mumbles some strange words.
You are confused.
You bump into the rock wall.
The ball python bites you but does no damage.
Sigmund hits you with a scythe!
You die...

#..#..##..#.....#
#....####.#.#.#.#
####.## #.#.....#
#.....# #.###..##
#.###.###.# #.##
#.# #..##.##### #
#.# ##.##)..#
....####.#
#.....##
#.#...@@.#
####...#
......S### #####
#.#...# ......
#.#.. ..... #.#.
....


You could see Sigmund and a ball python.

Vanquished Creatures
  2 adders (D:2)
  A worm (D:2)
  2 dart slugs (D:1)
  A leopard gecko (D:1)
  8 bats
  A giant cockroach (D:2)
  5 goblins
  6 hobgoblins (D:1)
  3 kobolds
  4 frilled lizards
  2 rats
35 creatures vanquished.

Notes
Turn   | Place    | Note
-------+----------+-------------------------------------------
     0 | D:1      | Mamutox the Troll Monk began the quest for the Orb.
     0 | D:1      | Reached XP level 1. HP: 22/22 MP: 0/0
    20 | D:1      | Reached skill level 3 in Maces & Flails
    71 | D:1      | Reached XP level 2. HP: 27/29 MP: 1/1
   360 | D:1      | Reached XP level 3. HP: 36/36 MP: 2/2
   693 | D:2      | Reached skill level 4 in Maces & Flails
   831 | D:2      | Found an opulent altar of Gozag.
   897 | D:2      | Noticed Sigmund
   911 | D:2      | Slain by Sigmund

Vault maps used:
D:1:      lightli_arrival_boilingwater, minmay_pentomino_v2
D:2:      serial_glass, glass_columns_a, glass_columns_b, glass_columns_a,
          glass_columns_b, glass_columns_c, glass_columns_c, glass_columns_a,
          glass_columns_a, minmay_strange_pillars, grunt_gozag_statues,
          uniq_sigmund, uniq_terence, uniq_crazy_yiuf_cottage

Skill      XL: |  1  2  3 |
---------------+----------+-----
Maces & Flails | 3 4 |  4.4
Fighting       | |  2.4
Dodging        | |  2.4
Stealth        | |  1.0

Action                   || total
-------------------------++-------
Melee: Mace              ||   113
 Stab: Sleeping          ||     2
  Eat: Chunk             ||    14
Armor: Robe              ||    82
Dodge: Dodged            ||    93

Table legend:
 A = Spawn XP
 B = Non-spawn XP
 C = Spawn XP percentage of total XP
 D = Spawn monster count
 E = Non-spawn monster count
 F = Spawn count percentage of total count
 G = Total turns spent on level
                    A         B        C        D         E        F      G
               +---------+---------+-------+---------+---------+-------+---------
         Total |       0 |      88 |   0.0 |       0 |      35 |   0.0 |   911
               +---------+---------+-------+---------+---------+-------+---------
           D:1 |       0 |      47 |   0.0 |       0 |      25 |   0.0 |   678
           D:2 |       0 |      41 |   0.0 |       0 |      10 |   0.0 |   233
               +---------+---------+-------+---------+---------+-------+---------
